MapleLeafs vs Rangers

Created - March 29 2012 at 17:39

Goals
1 2 3 T
MapleLeafs 2 2 0 4
Rangers 2 1 0 3
Shots
1 2 3 T
MapleLeafs 8 13 6 27
Rangers 11 11 4 26

Period #1

1. Rangers , Marc Staal 10 (Frans Nielsen, Kyle Okposo) at 2:33 (PP)
2. Rangers , Luke Schenn 6 (Rene Bourque, Marc Staal) at 12:19 (PP)
3. MapleLeafs , Evgeni Malkin 43 (Kyle Cumiskey, Greg Zanon) at 18:29
4. MapleLeafs , Shawn Thornton 10 (Evgeni Malkin, Greg Zanon) at 19:38 (PP)

Penalties :
Jordin Tootoo (TOR) for Unsportsmanlike conduct (Major / Game Misconduct) at 0:33, Adam Hall (TOR) for Slashing (Minor) at 11:50, Stephane Robidas (NYR) for Interference (Minor) at 13:22, Nick Boynton (TOR) for Hooking (Minor) at 15:46, Scott Gomez (NYR) for Hooking (Minor) at 19:34

Period #2

5. MapleLeafs , Evgeni Malkin 44 (Ed Jovanovski, Shawn Thornton) at 13:02 (PP)
6. Rangers , Kyle Okposo 5 (Luke Schenn, Marc Staal) at 15:59 (PP)
7. MapleLeafs , Travis Moen 5 (Mike Grier, Ed Jovanovski) at 17:58

Penalties :
Kyle Okposo (NYR) for Roughing (Minor) at 6:21, Stephane Robidas (NYR) for Hooking (Minor) at 11:03, Ed Jovanovski (TOR) for Holding Stick (Minor) at 14:05

Period #3

No Goal

Penalties :
Francois Beauchemin (NYR) for Holding (Minor) at 13:11

Goalie Stats

Ryan Miller (TOR), 23 saves from 26 shots - (0.885), W, 22-25-7, 60:00 minutes
Niklas Backstrom (NYR), 9 saves from 9 shots - (1.000), 21:04 minutes
Martin Biron (NYR), 14 saves from 18 shots - (0.778), L, 9-12-3, 37:58 minutes

Players Stats

MapleLeafs
Player Name              G  A  P  +/- PIM S  H  SB FO    MP 
------------------------------------------------------------
Adam Hall                0  0  0   0  2   1  2  0  0/0   16 
Andrew Alberts           0  0  0   0  0   0  1  1  0/0   16 
Drew Doughty             0  0  0   0  0   1  1  0  0/0   23 
Ed Jovanovski            0  2  2   1  2   0  2  0  0/0   20 
Evgeni Malkin            2  1  3   1  0   3  0  1  3/3   23 
Greg Zanon               0  2  2   1  0   2  1  5  0/0   22 
Jay Harrison             0  0  0   0  0   2  1  0  0/0   3  
Jordin Tootoo            0  0  0   0  15  0  0  0  0/0   1  
Kris Versteeg            0  0  0   0  0   2  1  0  3/8   21 
Kyle Cumiskey            0  1  1   1  0   1  0  2  0/0   21 
Mike Fisher              0  0  0   0  0   5  1  0  9/18  23 
Mike Grier               0  1  1   1  0   0  0  0  0/1   14 
Nick Boynton             0  0  0   1  2   0  0  0  0/0   13 
Patrick Marleau          0  0  0   0  0   1  0  0  0/0   4  
Shawn Thornton           1  1  2   1  0   2  0  0  0/0   17 
Travis Moen              1  0  1   1  0   3  1  0  0/2   16 
Vernon Fiddler           0  0  0   1  0   1  0  0  4/12  17 
Vincent Lecavalier       0  0  0   1  0   3  2  0  18/30 22 
Rangers
Player Name              G  A  P  +/- PIM S  H  SB FO    MP 
------------------------------------------------------------
Ben Lovejoy              0  0  0  -1  0   1  1  1  0/0   15 
David Perron             0  0  0   0  0   0  0  0  1/1   15 
Francois Beauchemin      0  0  0  -1  2   1  1  0  0/0   20 
Frans Nielsen            0  1  1  -1  0   1  3  0  10/21 21 
Jonathan Ericsson        0  0  0   0  0   0  0  1  0/0   1  
Keith Ballard            0  0  0   0  0   0  2  4  0/0   13 
Kyle Okposo              1  1  2   0  2   2  2  0  0/1   15 
Luke Schenn              1  1  2  -1  0   4  0  5  0/0   22 
Marc Staal               1  2  3   0  0   2  1  1  0/0   24 
Mike Cammalleri          0  0  0   0  0   5  0  0  1/1   20 
Radim Vrbata             0  0  0  -1  0   2  0  0  2/2   14 
Rene Bourque             0  1  1  -1  0   6  2  1  0/0   19 
Scott Gomez              0  0  0   0  2   1  0  1  5/16  17 
Scottie Upshall          0  0  0  -1  0   0  1  0  0/2   7  
Stephane Robidas         0  0  0  -1  4   0  2  1  0/0   24 
Tom Pyatt                0  0  0  -1  0   0  0  0  4/7   17 
Troy Brouwer             0  0  0  -1  0   1  0  0  1/1   8  
Vinny Prospal            0  0  0   0  0   0  1  1  13/22 20 

3 Stars

1 - Evgeni Malkin (TOR)
2 - Marc Staal (NYR)
3 - Shawn Thornton (TOR)

Power Play

MapleLeafs - 2 on 5 Attempt(s) - 40.00%
Rangers - 3 on 4 Attempt(s) - 75.00%

Penalty Kill

MapleLeafs - 1 on 4 Attempt(s) - 25.00% - Score 0 goal in Penalty Kill
Rangers - 3 on 5 Attempt(s) - 60.00% - Score 0 goal in Penalty Kill

Game Notes

Jordin Tootoo ejected from game at 0:33 of 1st period
Niklas Backstrom enters game at 17:58 of 2nd period

Finance

Level 1 -- Attendance: 3297 (50.72%) -- Ticket Income $412,125.00
Level 2 -- Attendance: 2696 (53.92%) -- Ticket Income $202,200.00
Level 3 -- Attendance: 1780 (50.86%) -- Ticket Income $89,000.00
Level 4 -- Attendance: 1701 (77.32%) -- Ticket Income $42,525.00
Luxury Box -- Attendance: 626 (62.60%) -- Ticket Income $156,500.00
Game was played at the Madison Square Garden
Total Attendance: 10100 (55.49%)
Total Ticket Income: $927,192.90
Other Income: $223,628.10
Total Income: $1,150,821.00


Play by Play

Period #1

0:01 of 1st period - David Perron wins face-off versus Mike Fisher in neutral zone.
0:01 of 1st period - David Perron is hit by Mike Fisher.
0:33 of 1st period - Major / Game Misconduct Penalty to Jordin Tootoo for Unsportsmanlike conduct.
0:33 of 1st period - Jordin Tootoo is ejected from game.
0:34 of 1st period - Frans Nielsen wins face-off versus Vincent Lecavalier in MapleLeafs zone.
0:54 of 1st period - Shot by Marc Staal.
0:54 of 1st period - Stopped by Ryan Miller without a rebound.
0:55 of 1st period - Vinny Prospal wins face-off versus Vincent Lecavalier in MapleLeafs zone.
1:12 of 1st period - Shot by Francois Beauchemin.
1:12 of 1st period - Stopped by Ryan Miller without a rebound.
1:13 of 1st period - Kris Versteeg wins face-off versus Frans Nielsen in MapleLeafs zone.
1:27 of 1st period - Icing by Kyle Okposo.
1:28 of 1st period - Kris Versteeg wins face-off versus Kyle Okposo in Rangers zone.
1:31 of 1st period - Shot by Mike Fisher.
1:31 of 1st period - Stopped by Martin Biron without a rebound.
1:32 of 1st period - Vinny Prospal wins face-off versus Vincent Lecavalier in Rangers zone.
2:33 of 1st period - Shot by Marc Staal.
2:33 of 1st period - Goal by Marc Staal - MapleLeafs : 0 - Rangers : 1.
2:34 of 1st period - Frans Nielsen wins face-off versus Kris Versteeg in neutral zone.
2:39 of 1st period - Shot by Rene Bourque.
2:39 of 1st period - Stopped by Ryan Miller without a rebound.
2:40 of 1st period - Frans Nielsen wins face-off versus Vincent Lecavalier in MapleLeafs zone.
3:07 of 1st period - Shot by Rene Bourque.
3:07 of 1st period - Stopped by Ryan Miller without a rebound.
3:08 of 1st period - Vincent Lecavalier wins face-off versus Vinny Prospal in MapleLeafs zone.
3:26 of 1st period - Icing by Mike Cammalleri.
3:27 of 1st period - Vincent Lecavalier wins face-off versus Vinny Prospal in Rangers zone.
4:01 of 1st period - Frans Nielsen is hit by Andrew Alberts and loses puck.
5:09 of 1st period - Ed Jovanovski is hit by Frans Nielsen and loses puck.
5:57 of 1st period - Shot by Travis Moen.
5:57 of 1st period - Stopped by Martin Biron without a rebound.
5:58 of 1st period - Vinny Prospal wins face-off versus Vernon Fiddler in Rangers zone.
6:09 of 1st period - Shot by Evgeni Malkin.
6:09 of 1st period - Deflect By Shawn Thornton.
6:09 of 1st period - Stopped by Martin Biron without a rebound.
6:10 of 1st period - Kris Versteeg wins face-off versus Scott Gomez in Rangers zone.
6:29 of 1st period - Shot by Vinny Prospal.
6:29 of 1st period - Deflect By Scott Gomez.
6:29 of 1st period - Stopped by Ryan Miller without a rebound.
6:30 of 1st period - Frans Nielsen wins face-off versus Travis Moen in MapleLeafs zone.
6:34 of 1st period - Icing by Nick Boynton.
6:35 of 1st period - Troy Brouwer wins face-off versus Mike Grier in MapleLeafs zone.
7:16 of 1st period - Off-side.
7:17 of 1st period - Vernon Fiddler wins face-off versus Frans Nielsen in neutral zone.
7:45 of 1st period - Shot by Radim Vrbata.
7:45 of 1st period - Deflect By Rene Bourque.
7:45 of 1st period - Stopped by Ryan Miller with a rebound.
7:47 of 1st period - Shot by Luke Schenn.
7:47 of 1st period - Stopped by Ryan Miller without a rebound.
7:48 of 1st period - Vinny Prospal wins face-off versus Mike Fisher in MapleLeafs zone.
8:38 of 1st period - Ben Lovejoy is hit by Adam Hall.
8:39 of 1st period - Icing by Ben Lovejoy.
8:40 of 1st period - Tom Pyatt wins face-off versus Vernon Fiddler in Rangers zone.
9:05 of 1st period - Shot by Radim Vrbata.
9:05 of 1st period - Shot Blocked by Greg Zanon.
9:09 of 1st period - Shot by Rene Bourque.
9:09 of 1st period - Shot Misses the Net.
10:02 of 1st period - Vincent Lecavalier is hit by Stephane Robidas and loses puck.
10:20 of 1st period - Icing by Andrew Alberts.
10:21 of 1st period - Tom Pyatt wins face-off versus Vincent Lecavalier in MapleLeafs zone.
11:18 of 1st period - Shot by Vinny Prospal.
11:18 of 1st period - Shot Misses the Net.
11:20 of 1st period - Shot by Mike Cammalleri.
11:20 of 1st period - Shot Misses the Net.
11:30 of 1st period - Ben Lovejoy is hit by Kris Versteeg and loses puck.
11:50 of 1st period - Minor Penalty to Adam Hall for Slashing.
11:51 of 1st period - Frans Nielsen wins face-off versus Kris Versteeg in MapleLeafs zone.
12:17 of 1st period - Shot by Rene Bourque.
12:17 of 1st period - Shot Misses the Net.
12:19 of 1st period - Shot by Luke Schenn.
12:19 of 1st period - Goal by Luke Schenn - MapleLeafs : 0 - Rangers : 2.
12:20 of 1st period - Vernon Fiddler wins face-off versus Scottie Upshall in neutral zone.
13:22 of 1st period - Minor Penalty to Stephane Robidas for Interference.
13:23 of 1st period - Scott Gomez wins face-off versus Vincent Lecavalier in Rangers zone.
13:40 of 1st period - Icing by Drew Doughty.
13:41 of 1st period - Vincent Lecavalier wins face-off versus Scott Gomez in MapleLeafs zone.
14:01 of 1st period - Drew Doughty is hit by Francois Beauchemin and loses puck.
14:16 of 1st period - Shot by Greg Zanon.
14:16 of 1st period - Stopped by Martin Biron without a rebound.
14:17 of 1st period - Scott Gomez wins face-off versus Mike Fisher in Rangers zone.
14:43 of 1st period - Shot by Mike Fisher.
14:43 of 1st period - Shot Blocked by Luke Schenn.
14:45 of 1st period - Shot by Mike Fisher.
14:45 of 1st period - Stopped by Martin Biron without a rebound.
14:46 of 1st period - Vincent Lecavalier wins face-off versus Frans Nielsen in Rangers zone.
14:58 of 1st period - Icing by Evgeni Malkin.
14:59 of 1st period - Frans Nielsen wins face-off versus Vincent Lecavalier in MapleLeafs zone.
15:01 of 1st period - Mike Cammalleri is hit by Drew Doughty and loses puck.
15:07 of 1st period - Off-side.
15:08 of 1st period - Evgeni Malkin wins face-off versus Tom Pyatt in neutral zone.
15:14 of 1st period - Shot by Greg Zanon.
15:14 of 1st period - Stopped by Martin Biron without a rebound.
15:15 of 1st period - Mike Fisher wins face-off versus Scott Gomez in Rangers zone.
15:15 of 1st period - Mike Fisher is hit by Keith Ballard.
15:31 of 1st period - Shot by Luke Schenn.
15:31 of 1st period - Stopped by Ryan Miller with a rebound.
15:35 of 1st period - Shot by Rene Bourque.
15:35 of 1st period - Shot Misses the Net.
15:37 of 1st period - Shot by Frans Nielsen.
15:37 of 1st period - Stopped by Ryan Miller with a rebound.
15:46 of 1st period - Minor Penalty to Nick Boynton for Hooking.
15:47 of 1st period - Vinny Prospal wins face-off versus Kris Versteeg in MapleLeafs zone.
15:50 of 1st period - Shot by Stephane Robidas.
15:50 of 1st period - Shot Misses the Net.
16:27 of 1st period - Icing by Mike Cammalleri.
16:28 of 1st period - Vinny Prospal wins face-off versus Vincent Lecavalier in Rangers zone.
17:32 of 1st period - Icing by Rene Bourque.
17:33 of 1st period - Vincent Lecavalier wins face-off versus Frans Nielsen in Rangers zone.
18:13 of 1st period - Icing by Stephane Robidas.
18:14 of 1st period - Evgeni Malkin wins face-off versus Scottie Upshall in Rangers zone.
18:29 of 1st period - Shot by Evgeni Malkin.
18:29 of 1st period - Goal by Evgeni Malkin - MapleLeafs : 1 - Rangers : 2.
18:30 of 1st period - Vincent Lecavalier wins face-off versus Vinny Prospal in neutral zone.
19:34 of 1st period - Minor Penalty to Scott Gomez for Hooking.
19:35 of 1st period - Evgeni Malkin wins face-off versus Frans Nielsen in Rangers zone.
19:38 of 1st period - Shot by Evgeni Malkin.
19:38 of 1st period - Deflect By Shawn Thornton.
19:38 of 1st period - Goal by Shawn Thornton - MapleLeafs : 2 - Rangers : 2.
19:39 of 1st period - Radim Vrbata wins face-off versus Mike Fisher in neutral zone.

Period #2

0:01 of 2nd period - Mike Fisher wins face-off versus Vinny Prospal in neutral zone.
0:56 of 2nd period - Rene Bourque is hit by Vincent Lecavalier and loses puck.
1:11 of 2nd period - Shot by Evgeni Malkin.
1:11 of 2nd period - Shot Hit the Post.
1:13 of 2nd period - Shot by Vernon Fiddler.
1:13 of 2nd period - Stopped by Martin Biron without a rebound.
1:14 of 2nd period - Vernon Fiddler wins face-off versus Scott Gomez in Rangers zone.
1:19 of 2nd period - Shot by Evgeni Malkin.
1:19 of 2nd period - Shot Misses the Net.
1:21 of 2nd period - Shot by Greg Zanon.
1:21 of 2nd period - Shot Blocked by Scott Gomez.
1:23 of 2nd period - Shot by Vernon Fiddler.
1:23 of 2nd period - Shot Blocked by Keith Ballard.
1:26 of 2nd period - Vernon Fiddler is hit by Ben Lovejoy and loses puck.
2:22 of 2nd period - Shot by Radim Vrbata.
2:22 of 2nd period - Stopped by Ryan Miller without a rebound.
2:23 of 2nd period - Vinny Prospal wins face-off versus Mike Fisher in MapleLeafs zone.
2:23 of 2nd period - Vinny Prospal is hit by Jay Harrison.
3:55 of 2nd period - Shot by Radim Vrbata.
3:55 of 2nd period - Shot Misses the Net.
3:57 of 2nd period - Shot by Rene Bourque.
3:57 of 2nd period - Shot Misses the Net.
4:01 of 2nd period - Shot by Rene Bourque.
4:01 of 2nd period - Stopped by Ryan Miller without a rebound.
4:02 of 2nd period - Vincent Lecavalier wins face-off versus Scott Gomez in MapleLeafs zone.
5:48 of 2nd period - Shot by Kris Versteeg.
5:48 of 2nd period - Stopped by Martin Biron without a rebound.
5:49 of 2nd period - Vinny Prospal wins face-off versus Mike Fisher in Rangers zone.
6:19 of 2nd period - Shot by Mike Cammalleri.
6:19 of 2nd period - Stopped by Ryan Miller without a rebound.
6:20 of 2nd period - Vincent Lecavalier wins face-off versus Scott Gomez in MapleLeafs zone.
6:20 of 2nd period - Vincent Lecavalier is hit by Kyle Okposo.
6:21 of 2nd period - Minor Penalty to Kyle Okposo for Roughing.
6:22 of 2nd period - Vincent Lecavalier wins face-off versus Scott Gomez in Rangers zone.
6:27 of 2nd period - Shot by Vincent Lecavalier.
6:27 of 2nd period - Stopped by Martin Biron without a rebound.
6:28 of 2nd period - Scott Gomez wins face-off versus Vincent Lecavalier in Rangers zone.
6:50 of 2nd period - Shot by Kyle Cumiskey.
6:50 of 2nd period - Stopped by Martin Biron without a rebound.
6:51 of 2nd period - Vincent Lecavalier wins face-off versus Frans Nielsen in Rangers zone.
7:04 of 2nd period - Shot by Drew Doughty.
7:04 of 2nd period - Stopped by Martin Biron with a rebound.
7:06 of 2nd period - Shot by Drew Doughty.
7:06 of 2nd period - Shot Blocked by Stephane Robidas.
7:09 of 2nd period - Kris Versteeg is hit by Stephane Robidas and loses puck.
7:46 of 2nd period - Shot by Mike Fisher.
7:46 of 2nd period - Stopped by Martin Biron with a rebound.
7:48 of 2nd period - Shot by Greg Zanon.
7:48 of 2nd period - Shot Blocked by Keith Ballard.
7:50 of 2nd period - Shot by Adam Hall.
7:50 of 2nd period - Stopped by Martin Biron with a rebound.
9:55 of 2nd period - Off-side.
9:56 of 2nd period - Scott Gomez wins face-off versus Vincent Lecavalier in neutral zone.
10:02 of 2nd period - Scott Gomez is hit by Greg Zanon and loses puck.
10:13 of 2nd period - Shot by Scott Gomez.
10:13 of 2nd period - Deflect By Kyle Okposo.
10:13 of 2nd period - Stopped by Ryan Miller without a rebound.
10:14 of 2nd period - Vincent Lecavalier wins face-off versus Vinny Prospal in MapleLeafs zone.
10:16 of 2nd period - Drew Doughty is hit by Vinny Prospal and loses puck.
10:28 of 2nd period - Vincent Lecavalier is hit by Marc Staal and loses puck.
10:37 of 2nd period - Shot by Jay Harrison.
10:37 of 2nd period - Stopped by Martin Biron with a rebound.
10:39 of 2nd period - Shot by Jay Harrison.
10:39 of 2nd period - Shot Misses the Net.
10:41 of 2nd period - Shot by Travis Moen.
10:41 of 2nd period - Shot Blocked by Vinny Prospal.
11:03 of 2nd period - Minor Penalty to Stephane Robidas for Hooking.
11:04 of 2nd period - Mike Fisher wins face-off versus Scott Gomez in Rangers zone.
11:54 of 2nd period - Shot by Drew Doughty.
11:54 of 2nd period - Shot Misses the Net.
13:00 of 2nd period - Shot by Ed Jovanovski.
13:00 of 2nd period - Shot Misses the Net.
13:02 of 2nd period - Shot by Evgeni Malkin.
13:02 of 2nd period - Goal by Evgeni Malkin - MapleLeafs : 3 - Rangers : 2.
13:03 of 2nd period - Tom Pyatt wins face-off versus Vincent Lecavalier in neutral zone.
13:14 of 2nd period - Shot by Marc Staal.
13:14 of 2nd period - Shot Blocked by Andrew Alberts.
13:56 of 2nd period - Shot by Rene Bourque.
13:56 of 2nd period - Stopped by Ryan Miller without a rebound.
13:57 of 2nd period - Vinny Prospal wins face-off versus Mike Fisher in MapleLeafs zone.
14:02 of 2nd period - Shot by Mike Cammalleri.
14:02 of 2nd period - Stopped by Ryan Miller with a rebound.
14:05 of 2nd period - Minor Penalty to Ed Jovanovski for Holding Stick.
14:06 of 2nd period - Vinny Prospal wins face-off versus Kris Versteeg in MapleLeafs zone.
14:09 of 2nd period - Shot by Mike Cammalleri.
14:09 of 2nd period - Shot Blocked by Kyle Cumiskey.
14:13 of 2nd period - Shot by Stephane Robidas.
14:13 of 2nd period - Shot Misses the Net.
14:15 of 2nd period - Shot by Mike Cammalleri.
14:15 of 2nd period - Shot Misses the Net.
14:17 of 2nd period - Shot by Mike Cammalleri.
14:17 of 2nd period - Stopped by Ryan Miller without a rebound.
14:18 of 2nd period - Mike Fisher wins face-off versus Frans Nielsen in MapleLeafs zone.
14:39 of 2nd period - Shot by Luke Schenn.
14:39 of 2nd period - Stopped by Ryan Miller without a rebound.
14:40 of 2nd period - Vinny Prospal wins face-off versus Kris Versteeg in MapleLeafs zone.
14:43 of 2nd period - Shot by Mike Cammalleri.
14:43 of 2nd period - Stopped by Ryan Miller without a rebound.
14:44 of 2nd period - Vincent Lecavalier wins face-off versus Vinny Prospal in MapleLeafs zone.
15:59 of 2nd period - Shot by Kyle Okposo.
15:59 of 2nd period - Goal by Kyle Okposo - MapleLeafs : 3 - Rangers : 3.
16:00 of 2nd period - Vernon Fiddler wins face-off versus Scott Gomez in neutral zone.
16:31 of 2nd period - Shot by Travis Moen.
16:31 of 2nd period - Shot Blocked by Keith Ballard.
16:45 of 2nd period - Scott Gomez is hit by Adam Hall and loses puck.
17:03 of 2nd period - Off-side.
17:04 of 2nd period - Radim Vrbata wins face-off versus Vernon Fiddler in neutral zone.
17:28 of 2nd period - Icing by Francois Beauchemin.
17:29 of 2nd period - Vincent Lecavalier wins face-off versus Frans Nielsen in Rangers zone.
17:34 of 2nd period - Shot by Vincent Lecavalier.
17:34 of 2nd period - Deflect By Travis Moen.
17:34 of 2nd period - Shot Misses the Net.
17:52 of 2nd period - Shot by Vincent Lecavalier.
17:52 of 2nd period - Shot Misses the Net.
17:54 of 2nd period - Shot by Ed Jovanovski.
17:54 of 2nd period - Shot Blocked by Luke Schenn.
17:56 of 2nd period - Shot by Mike Grier.
17:56 of 2nd period - Shot Blocked by Luke Schenn.
17:58 of 2nd period - Shot by Travis Moen.
17:58 of 2nd period - Goal by Travis Moen - MapleLeafs : 4 - Rangers : 3.
17:58 of 2nd period - Niklas Backstrom enters game.
17:59 of 2nd period - Mike Fisher wins face-off versus Vinny Prospal in neutral zone.
18:08 of 2nd period - Shot by Mike Fisher.
18:08 of 2nd period - Stopped by Niklas Backstrom with a rebound.
18:12 of 2nd period - Shot by Mike Fisher.
18:12 of 2nd period - Shot Misses the Net.
18:14 of 2nd period - Shot by Adam Hall.
18:14 of 2nd period - Deflect By Mike Fisher.
18:14 of 2nd period - Shot Misses the Net.
18:16 of 2nd period - Shot by Jay Harrison.
18:16 of 2nd period - Stopped by Niklas Backstrom without a rebound.
18:17 of 2nd period - Tom Pyatt wins face-off versus Vernon Fiddler in Rangers zone.
18:26 of 2nd period - Shot by Evgeni Malkin.
18:26 of 2nd period - Stopped by Niklas Backstrom without a rebound.
18:27 of 2nd period - Scott Gomez wins face-off versus Mike Fisher in Rangers zone.
18:53 of 2nd period - Shot by Ben Lovejoy.
18:53 of 2nd period - Stopped by Ryan Miller without a rebound.
18:54 of 2nd period - Vinny Prospal wins face-off versus Vernon Fiddler in MapleLeafs zone.
19:04 of 2nd period - Shot by Mike Cammalleri.
19:04 of 2nd period - Shot Misses the Net.
19:08 of 2nd period - Shot by Marc Staal.
19:08 of 2nd period - Shot Blocked by Greg Zanon.
19:10 of 2nd period - Shot by Marc Staal.
19:10 of 2nd period - Shot Blocked by Greg Zanon.
19:47 of 2nd period - Shot by Frans Nielsen.
19:47 of 2nd period - Shot Hit the Post.

Period #3

0:01 of 3rd period - Mike Fisher wins face-off versus Vinny Prospal in neutral zone.
0:21 of 3rd period - Icing by Marc Staal.
0:22 of 3rd period - Vinny Prospal wins face-off versus Vernon Fiddler in Rangers zone.
0:53 of 3rd period - Icing by Stephane Robidas.
0:54 of 3rd period - Vincent Lecavalier wins face-off versus Vinny Prospal in Rangers zone.
1:19 of 3rd period - Shot by Travis Moen.
1:19 of 3rd period - Stopped by Niklas Backstrom without a rebound.
1:20 of 3rd period - Frans Nielsen wins face-off versus Mike Fisher in Rangers zone.
1:32 of 3rd period - Shot by Kris Versteeg.
1:32 of 3rd period - Deflect By Mike Fisher.
1:32 of 3rd period - Stopped by Niklas Backstrom with a rebound.
1:34 of 3rd period - Shot by Kris Versteeg.
1:34 of 3rd period - Shot Blocked by Luke Schenn.
1:36 of 3rd period - Shot by Vincent Lecavalier.
1:36 of 3rd period - Deflect By Kris Versteeg.
1:36 of 3rd period - Shot Misses the Net.
3:42 of 3rd period - Icing by Stephane Robidas.
3:43 of 3rd period - Mike Cammalleri wins face-off versus Travis Moen in Rangers zone.
4:06 of 3rd period - Shot by Travis Moen.
4:06 of 3rd period - Shot Hit the Post.
4:10 of 3rd period - Shot by Vincent Lecavalier.
4:10 of 3rd period - Stopped by Niklas Backstrom without a rebound.
4:11 of 3rd period - Mike Fisher wins face-off versus Frans Nielsen in Rangers zone.
5:57 of 3rd period - Vincent Lecavalier is hit by Kyle Okposo and loses puck.
7:15 of 3rd period - Shot by Mike Fisher.
7:15 of 3rd period - Deflect By Evgeni Malkin.
7:15 of 3rd period - Shot Misses the Net.
7:17 of 3rd period - Shot by Kris Versteeg.
7:17 of 3rd period - Shot Misses the Net.
7:21 of 3rd period - Shot by Kris Versteeg.
7:21 of 3rd period - Stopped by Niklas Backstrom without a rebound.
7:22 of 3rd period - Frans Nielsen wins face-off versus Vernon Fiddler in Rangers zone.
7:46 of 3rd period - Shot by Evgeni Malkin.
7:46 of 3rd period - Shot Blocked by Rene Bourque.
8:23 of 3rd period - Stephane Robidas is hit by Ed Jovanovski and loses puck.
9:08 of 3rd period - Scott Gomez is hit by Ed Jovanovski and loses puck.
9:47 of 3rd period - Icing by Ben Lovejoy.
9:48 of 3rd period - Vincent Lecavalier wins face-off versus Scott Gomez in Rangers zone.
9:48 of 3rd period - Vincent Lecavalier is hit by Keith Ballard.
9:58 of 3rd period - Shot by Vincent Lecavalier.
9:58 of 3rd period - Shot Blocked by Keith Ballard.
10:02 of 3rd period - Shot by Vincent Lecavalier.
10:02 of 3rd period - Shot Blocked by Ben Lovejoy.
10:04 of 3rd period - Shot by Vincent Lecavalier.
10:04 of 3rd period - Shot Hit the Post.
10:21 of 3rd period - Shot by Vincent Lecavalier.
10:21 of 3rd period - Stopped by Niklas Backstrom without a rebound.
10:22 of 3rd period - Frans Nielsen wins face-off versus Vernon Fiddler in Rangers zone.
10:35 of 3rd period - Shot by Radim Vrbata.
10:35 of 3rd period - Stopped by Ryan Miller without a rebound.
10:36 of 3rd period - Vincent Lecavalier wins face-off versus Tom Pyatt in MapleLeafs zone.
10:41 of 3rd period - Mike Grier is hit by Scottie Upshall and loses puck.
10:51 of 3rd period - Icing by Nick Boynton.
10:52 of 3rd period - Frans Nielsen wins face-off versus Vincent Lecavalier in MapleLeafs zone.
10:55 of 3rd period - Shot by Rene Bourque.
10:55 of 3rd period - Stopped by Ryan Miller without a rebound.
10:56 of 3rd period - Mike Fisher wins face-off versus Frans Nielsen in MapleLeafs zone.
10:56 of 3rd period - Mike Fisher is hit by Rene Bourque.
11:06 of 3rd period - Shot by Kris Versteeg.
11:06 of 3rd period - Shot Misses the Net.
12:03 of 3rd period - Shot by Troy Brouwer.
12:03 of 3rd period - Shot Blocked by Evgeni Malkin.
12:05 of 3rd period - Shot by Tom Pyatt.
12:05 of 3rd period - Deflect By Troy Brouwer.
12:05 of 3rd period - Stopped by Ryan Miller with a rebound.
12:19 of 3rd period - Shot by Scottie Upshall.
12:19 of 3rd period - Shot Blocked by Greg Zanon.
12:23 of 3rd period - Shot by Stephane Robidas.
12:23 of 3rd period - Shot Blocked by Kyle Cumiskey.
12:25 of 3rd period - Shot by Tom Pyatt.
12:25 of 3rd period - Deflect By Troy Brouwer.
12:25 of 3rd period - Shot Blocked by Greg Zanon.
12:41 of 3rd period - Shot by Vinny Prospal.
12:41 of 3rd period - Shot Misses the Net.
12:43 of 3rd period - Shot by Mike Cammalleri.
12:43 of 3rd period - Stopped by Ryan Miller without a rebound.
12:44 of 3rd period - Vincent Lecavalier wins face-off versus Frans Nielsen in MapleLeafs zone.
12:44 of 3rd period - Travis Moen is hit by Frans Nielsen and loses puck.
13:08 of 3rd period - Shot by Andrew Alberts.
13:08 of 3rd period - Shot Misses the Net.
13:10 of 3rd period - Shot by Mike Grier.
13:10 of 3rd period - Shot Blocked by Luke Schenn.
13:11 of 3rd period - Minor Penalty to Francois Beauchemin for Holding.
13:12 of 3rd period - Vincent Lecavalier wins face-off versus Scott Gomez in Rangers zone.
14:07 of 3rd period - Marc Staal is hit by Vincent Lecavalier and loses puck.
15:27 of 3rd period - Andrew Alberts is hit by Rene Bourque and loses puck.
15:56 of 3rd period - Patrick Marleau is hit by Frans Nielsen and loses puck.
16:09 of 3rd period - Shot by Patrick Marleau.
16:09 of 3rd period - Stopped by Niklas Backstrom with a rebound.
16:41 of 3rd period - Shot by Evgeni Malkin.
16:41 of 3rd period - Shot Blocked by Marc Staal.
17:16 of 3rd period - Shot by Rene Bourque.
17:16 of 3rd period - Shot Misses the Net.
18:05 of 3rd period - Icing by Luke Schenn.
18:06 of 3rd period - Mike Fisher wins face-off versus Tom Pyatt in Rangers zone.
18:11 of 3rd period - Shot by Vincent Lecavalier.
18:11 of 3rd period - Shot Blocked by Jonathan Ericsson.
18:29 of 3rd period - Shot by Mike Fisher.
18:29 of 3rd period - Shot Misses the Net.
18:31 of 3rd period - Shot by Mike Fisher.
18:31 of 3rd period - Shot Misses the Net.
18:33 of 3rd period - Shot by Mike Fisher.
18:33 of 3rd period - Shot Misses the Net.
19:02 of 3rd period - Rangers, Niklas Backstrom is pulled from the net.
19:16 of 3rd period - Stephane Robidas is hit by Travis Moen and loses puck.


Output by the SimonT Hockey Simulator (STHS) for Stephane Roy -- Original Page W3C XHTML 1.0 Valid